AoeStats
← temppu

Migration

509527935Analyzed
1v1 RM · 6d ago on Sep 27, 2026· 26m 9s· 2 players
Game mode
Random Map
Map size
132×132
Population
200
Speed
Normal
Resources
Standard
Victory
Conquest
Starting age
Dark Age
Ending age
Imperial Age
RankedLock teamsTeams togetherTeam positionsShared explorationLock speedFull tech treeHidden civsTurbo modeCheats
Victory
Defeat
🇦🇷 Vikings · Argentina
667
+17
🇫🇮 Spanish · Finland
678
-17
Gamstrum
10:25 Feudal Age
10:52 Double-Bit Axe
11:26 Fishing Lines
17:59 Castle Age
16:17 Loom
16:40 Stone Mining
16:43 Gold Mining
16:56 Horse Collar
23:09 Bow Saw
24:42 Forging
24:48 Scale Mail Armor
temppu
8:48 Loom
11:18 Feudal Age
11:55 Double-Bit Axe
15:17 Horse Collar
23:44 Castle Age
22:17 Fletching
22:33 Scale Barding Armor
22:29 Scale Mail Armor
22:40 Forging
22:30 Padded Archer Armor
24:02 Gold Mining
24:21 Pikeman
25:21 Chain Mail Armor
25:02 Bodkin Arrow
26:26 Iron Casting
26:06 Bow Saw
25:59 Heavy Plow
26:20 Medium Warships
25:51 Fishing Lines
Connection lost

Rejoining the realm…

Still unreachable

The connection could not be restored.

Session expired

The server has moved on; the page needs a fresh start.